 Dungeon Crawl Stone Soup version 0.23-a0-636-g0ff6057 (webtiles) character file.

57 lessens the Poker (level 3, -8/27 HPs)
             Began as a Demonspawn Warper on Dec 28, 2018.
             Mangled by a gnoll
             ... wielding a +0 halberd
              (16 damage)
             ... on level 2 of the Dungeon.
             The game lasted 00:01:37 (1171 turns).

lessens the Poker (Demonspawn Warper)               Turns: 1171, Time: 00:01:37

Health: -8/27      AC:  3    Str: 12    XL:     3   Next: 73%
Magic:  6/6        EV: 11    Int: 14    God:
Gold:   34         SH:  0    Dex: 12    Spells: 6/6 levels left

rFire    . . .     SeeInvis .   a - +0 spear
rCold    . . .     Gourm    .   (no shield)
rNeg     . . .     Faith    .   b - +0 leather armour
rPois    .         Spirit   .   (no helmet)
rElec    .         Reflect  .   (no cloak)
rCorr    .         Harm     .   (no gloves)
MR       .....                  (no boots)
Stlth    +.........             (no amulet)
HPRegen  0.09/turn              (no ring)
MPRegen  0.10/turn              (no ring)

@: no status effects
A: spiny 1
a: no special abilities


You were on level 2 of the Dungeon.
You were not hungry.

You visited 1 branch of the dungeon, and saw 2 of its levels.

You collected 34 gold pieces.

Inventory:

Hand Weapons
 a - a +0 spear (weapon)
Missiles
 e - 5 tomahawks of dispersal (quivered)
 h - 14 stones
 i - 15 poisoned needles
Armour
 b - a +0 leather armour (worn)
Scrolls
 c - 3 scrolls of enchant weapon {unknown}
 d - a scroll of blinking
 g - a scroll of fog {unknown}
 j - a scroll of fear {unknown}
 l - a scroll of teleportation {unknown}
Potions
 k - 2 potions of degeneration {unknown}
Comestibles
 f - 2 rations
 m - 3 chunks of flesh


   Skills:
 - Level 2.0 Fighting
 + Level 3.7 Polearms
 - Level 0.8 Throwing
 - Level 1.0 Armour
 - Level 1.7 Dodging
 - Level 2.0 Spellcasting
   Level 2.6 Translocations


You had 6 spell levels left.
You didn't know any spells.
Your spell library contained the following spells:

 Spells                   Type           Power        Failure   Level  Hunger
 Blink                    Tloc           N/A          16%         2    ###....
 Shroud of Golubria       Chrm/Tloc      #.........   26%         2    ###....
 Gell's Gravitas          Tloc           #.........   30%         3    ####...
 Lesser Beckoning         Tloc           #.........   30%         3    ####...
 Teleport Other           Tloc           #.......     30%         3    ####...
 Passage of Golubria      Tloc           N/A          69%         4    #####..


Dungeon Overview and Level Annotations

Branches:
Dungeon (2/15)

Altars:


Innate Abilities, Weirdness & Mutations

You are partially covered in sharp spines.


Message History

You kill the gnoll!
You hit the gnoll.
The gnoll is moderately wounded.
The gnoll closely misses you.
You barely miss the gnoll.
The gnoll is moderately wounded.
The gnoll closely misses you. x2
You hit the gnoll but do no damage.
The gnoll is moderately wounded.
The gnoll is struck by your spines. The gnoll barely misses you.
The gnoll hits you from afar with a +0 halberd.
You hit the gnoll but do no damage.
The gnoll is moderately wounded.
The gnoll is struck by your spines. The gnoll hits you with a +0 whip.
The gnoll hits you from afar with a +0 halberd.
* * * LOW HITPOINT WARNING * * *
There is a stone staircase leading up, spattered with blood here.
The gnoll hits you from afar with a +0 halberd!
Ouch! That really hurt!
You die...

#....#####...........
#... #..'.........#
#.. #.##.........##
#. #.##........... #
#.##..........#
#.##...........
#.#.g.÷÷.....#
#.#....g†......#
#......@.........
#####............
#............
#............
##.........#.
.....#....#
#####.#.#### .. #


You could see 2 gnolls.

Vanquished Creatures
  A gnoll (D:2)
  2 adders (D:2)
  2 dart slugs (D:1)
  A leopard gecko (D:2)
  A goblin (D:1)
  A hobgoblin (D:1)
  4 jackals (D:2)
  3 bats (D:1)
  2 frilled lizards
  5 kobolds (D:1)
  6 rats
28 creatures vanquished.

Notes
Turn   | Place    | Note
-------+----------+-------------------------------------------
     0 | D:1      | lessens the Demonspawn Warper began the quest for the Orb.
     0 | D:1      | Reached XP level 1. HP: 16/16 MP: 3/3
     6 | D:1      | Reached skill level 1 in Armour
    49 | D:1      | Reached skill level 2 in Polearms
   246 | D:1      | Gained mutation: You are partially covered in sharp spines.
                  | [demonic ancestry]
   246 | D:1      | Reached XP level 2. HP: 22/22 MP: 5/5
  1003 | D:2      | Reached skill level 3 in Polearms
  1003 | D:2      | Reached XP level 3. HP: 21/27 MP: 6/6
  1171 | D:2      | Mangled by a gnoll

Vault maps used:
D:1:      saegor_arrival_simple_a, minmay_misc_feat_plants
D:2:      hex_tiny

Skill      XL: |  1  2 |
---------------+-------+-----
Armour         | 1 |  1.0
Polearms       | 2 3 |  3.7
Fighting       | |  2.0
Throwing       | |  0.8
Dodging        | |  1.7
Spellcasting   | |  2.0
Translocations | |  2.6

Action                   || total
-------------------------++-------
Melee: Spear             ||   102
 Stab: Sleeping          ||     2
  Eat: Chunk             ||     1
Armor: Leather armour    ||    27
Dodge: Dodged            ||    44

Table legend:
 A = Non-vault XP
 B = Vault XP
 C = Vault XP percentage of total XP
 D = Non-vault monster count
 E = Vault monster count
 F = Vault count percentage of total count
                 A         B        C        D         E       F
            +---------+---------+-------+---------+---------+-------
      Total |      82 |       0 |   0.0 |      28 |       0 |   0.0
            +---------+---------+-------+---------+---------+-------
        D:1 |      28 |       0 |   0.0 |      18 |       0 |   0.0
        D:2 |      54 |       0 |   0.0 |      10 |       0 |   0.0
            +---------+---------+-------+---------+---------+-------

Vault maps used:
D:1:      saegor_arrival_simple_a, minmay_misc_feat_plants
D:2:      hex_tiny
